 Dungeon Crawl Stone Soup version 0.30.1-4-g462c640d31 (webtiles) character file.

Game seed: 14298761640861771998

394 croobank the Chiller (level 6, -9/41 HPs)
             Began as a Demonspawn Ice Elementalist on Sept 4, 2023.
             Mangled by a two-headed ogre
             ... wielding a +0 giant club
              (25 damage)
             ... on level 4 of the Dungeon.
             The game lasted 00:09:51 (3956 turns).

croobank the Chiller (Demonspawn Ice Elementalist)  Turns: 3956, Time: 00:09:52

Health: -9/41      AC: 11    Str:  6    XL:     6   Next: 52%
Magic:  13/20      EV: 13    Int: 18    God:
Gold:   199        SH:  0    Dex: 14    Spells: 5/12 levels left

rFire   + . .        b - +0 dagger
rCold   . . .        (no shield)
rNeg    + + +        u - +1 robe of Wiblulig {rN+++ MP+9 Str-2 Stlth-}
rPois   +            (no helmet)
rElec   .            (no cloak)
rCorr   +            (no gloves)
SInv    .            (no boots)
Will    +....        (no amulet)
Stlth   +            e - ring of poison resistance
HPRegen 0.26/turn    d - ring "Somapix" {rF+ Will+ rCorr}
MPRegen 0.34/turn

%: no passive effects
@: ice-armoured, freezing walls
A: foul stench 1, magic regeneration, sharp scales 2
a: no special abilities


You were on level 4 of the Dungeon.
You visited 1 branch of the dungeon, and saw 4 of its levels.

You collected 199 gold pieces.

Inventory:

Hand Weapons
 b - a +0 dagger (weapon)
 c - a +0 club
 g - a +2 heavy mace
 l - a +0 mace
 n - a +0 war axe
 y - a +0 falchion
Missiles
 p - 5 boomerangs
 t - 7 poisoned darts
Armour
 a - a +0 robe
 m - a +0 buckler
 r - an orb of guile
 u - the +1 robe of Wiblulig (worn) {rN+++ MP+9 Str-2 Stlth-}
   (You found it on level 2 of the Dungeon)

   Str:       It affects your strength (-2).
   rN:        It renders you almost immune to negative energy.
   MP:        It affects your magic capacity (+9).
   Stlth:     It makes you less stealthy.
Jewellery
 d - the ring "Somapix" (right hand) {rF+ Will+ rCorr}
   (You found it on level 2 of the Dungeon)

   [ring of resist corrosion]

   rF:        It protects you from fire.
   rCorr:     It protects you from acid and corrosion.
   Will:      It increases your willpower.
 e - a ring of poison resistance (left hand)
Wands
 s - a wand of mindburst (2)
Scrolls
 h - 2 scrolls of blinking
 v - a scroll of teleportation
Potions
 f - 2 potions of attraction
 i - 2 potions of resistance
 j - a potion of brilliance
 k - a potion of flight
 o - a potion of haste
 q - a potion of curing {unknown}
 w - 2 potions of berserk rage {unknown}
 x - a potion of invisibility {unknown}
 z - a potion of ambrosia {unknown}
 A - a potion of mutation {unknown}
 B - a potion of lignification {unknown}
 C - a potion of heal wounds {unknown}


   Skills:
 + Level 3.4 Dodging
 + Level 3.7 Stealth
 + Level 3.5 Spellcasting
 + Level 4.7 Ice Magic


You had 5 spell levels left.
You knew the following spells:

 Your Spells              Type           Power      Damage    Failure   Level
a - Freeze                Ice            80%        1d9       2%          1
b - Frozen Ramparts       Ice            40%        1d7       7%          3
c - Ozocubu's Armour      Ice            20%        N/A       7%          3

Your spell library contained the following spells:

 Spells                   Type           Power      Damage    Failure   Level
 Kiss of Death            Conj/Necr      12%        2d6       16%         1
 Sandblast                Erth           6%         2d5       16%         1
 Passwall                 Tmut/Erth      2%         N/A       24%         2
 Sublimation of Blood     Necr           3%         N/A       24%         2
 Confusing Touch          Hex            3%         N/A       43%         3
 Stone Arrow              Conj/Erth      6%         3d7       43%         3
 Summon Ice Beast         Ice/Summ       11%        N/A       50%         4
 Dispel Undead            Necr           3%         3d7       83%         4
 Petrify                  Tmut/Erth      3%         N/A       83%         4
 Metabolic Englaciation   Hex/Ice        5%         N/A       85%         5
 Irradiate                Conj/Tmut      1%         3d12      99%         5
 Simulacrum               Ice/Necr       5%         N/A       100%        6


Dungeon Overview and Level Annotations

Branches:
Dungeon (4/15)
 Temple: D:4-7

Altars:
Ashenzari
Hepliaklqana
Okawaru
Trog


Innate Abilities, Weirdness & Mutations

You may rarely emit foul miasma when damaged in melee.
You regenerate magic rapidly.
You are mostly covered in razor-sharp scales. (AC +2, Slay +2)


Message History

Casting: Frozen Ramparts (dangerous; 7% risk of failure)
Press: ? - help, Dir - look around, f - activate The walls around you are covered in ice.
The gnoll shouts!
You hear a shout!
The wall freezes the two-headed ogre.
The two-headed ogre barely misses you.
The two-headed ogre completely misses you.
Casting: Frozen Ramparts (dangerous; 7% risk of failure)
Confirm with . or Enter, or press ? or * to list all spells.
Aiming: Freeze (safe; 2% risk of failure)
Press: ? - help, Shift-Dir - straight line, f - two-headed ogre
Aim: a two-headed ogre, wielding two +0 giant clubs (lightly wounded)
You freeze the two-headed ogre.
The two-headed ogre is lightly wounded.
Casting: Freeze (safe; 2% risk of failure)
Confirm with . or Enter, or press ? or * to list all spells.
Aiming: Freeze (safe; 2% risk of failure)
Press: ? - help, Shift-Dir - straight line, f/p - two-headed ogre
Aim: a two-headed ogre, wielding two +0 giant clubs (lightly wounded)
You freeze the two-headed ogre!
The two-headed ogre is moderately wounded.
The wall freezes the two-headed ogre.
The two-headed ogre barely misses you. The two-headed ogre misses you.
You hit the two-headed ogre.
The two-headed ogre is moderately wounded.
The wall freezes the two-headed ogre.
The two-headed ogre hits you with a +0 giant club!!
Ouch! That really hurt!
The two-headed ogre hits you with a +0 giant club.
You hit the two-headed ogre but do no damage.
The two-headed ogre is moderately wounded.
The wall freezes the gnoll.
Okay, then.
Aiming: Mindburst
Press: ? - help, Shift-Dir - straight line, f/p - two-headed ogre
Aim: a two-headed ogre, wielding two +0 giant clubs (moderately wounded, chance to affect: 47%)
The two-headed ogre resists with some effort.
The wall freezes the two-headed ogre.
The two-headed ogre hits you with a +0 giant club!!
Ouch! That really hurt!
You die...

#...###...##.###>#
#.......#........#
#†........##.#####
##.###.._.##.# #.#
#....##.# ###.#
#..#..#.# .)..#
##....#.# #####
###..#.#######...
# #.##...@Og)....
# .##########.##


You could see a two-headed ogre and a gnoll.

Vanquished Creatures
  A black bear (D:4)
  A scorpion (D:4)
  2 iguanas (D:4)
  A sleepcap (D:4)
  Natasha (D:2)
  7 adders
  2 dart slugs
  An orc (D:3)
  8 endoplasms
  7 giant cockroaches
  6 goblins
  2 hobgoblins
  4 jackals (D:2)
  6 kobolds
  A quokka (D:3)
  7 ball pythons
  4 bats
  5 frilled lizards
  5 rats
71 creatures vanquished.

Notes
Turn   | Place    | Note
-------+----------+-------------------------------------------
     0 | D:1      | croobank the Demonspawn Ice Elementalist began the quest
                  | for the Orb.
     0 | D:1      | Reached XP level 1. HP: 13/13 MP: 3/3
   166 | D:1      | Found a faded altar of an unknown god.
   301 | D:1      | Gained mutation: You regenerate magic rapidly. [demonic
                  | ancestry]
   301 | D:1      | Reached XP level 2. HP: 19/19 MP: 5/5
  1254 | D:2      | Gained mutation: You may rarely emit foul miasma when
                  | damaged in melee. [demonic ancestry]
  1254 | D:2      | Reached XP level 3. HP: 24/24 MP: 4/6
  1377 | D:2      | Learned a level 3 spell: Frozen Ramparts
  1596 | D:2      | Identified the +1 robe of Wiblulig {rN+++ MP+9 Str-2
                  | Stlth-}
  1977 | D:2      | Found an iron altar of Okawaru.
  2052 | D:2      | Identified the ring "Somapix" {rF+ Will+ rCorr}
  2126 | D:2      | Reached skill level 4 in Ice Magic
  2126 | D:2      | Gained mutation: You are partially covered in razor-sharp
                  | scales. (AC +1, Slay +1) [demonic ancestry]
  2126 | D:2      | Reached XP level 4. HP: 30/30 MP: 7/7
  2168 | D:2      | Noticed Natasha
  2175 | D:2      | Killed Natasha
  2207 | D:2      | Learned a level 3 spell: Ozocubu's Armour
  2792 | D:3      | Reached XP level 5. HP: 35/35 MP: 9/9
  3255 | D:4      | Noticed a black bear
  3267 | D:4      | Killed a black bear
  3380 | D:4      | Found a bloodstained altar of Trog.
  3382 | D:4      | Found an iron altar of Okawaru.
  3449 | D:4      | Gained mutation: You are mostly covered in razor-sharp
                  | scales. (AC +2, Slay +2) [demonic ancestry]
  3449 | D:4      | Reached XP level 6. HP: 38/41 MP: 11/11
  3715 | D:4      | Found a hazy altar of Hepliaklqana.
  3795 | D:4      | Found a broken altar of Ashenzari.
  3944 | D:4      | Noticed a two-headed ogre
  3956 | D:4      | Mangled by a two-headed ogre

Illustrated notes

Levels and vault maps discovered:
D:1:      dpeg_arrival_prison, layout_loops_ring, shapermc_ecumenical_altar_venn
D:2:      layout_loops_corners, basic_altar, uniq_natasha
D:3:      layout_basic, roderic_lattice_a
D:4:      layout_loops_ring, chequers_temple_overflow_statue_of_worship,
          mainiacjoe_overflow_tiny_flanked, gammafunk_ghost_smash,
          kennysheep_generic_room_4, uniq_duvessa

Skill      XL: |  1  2  3  4  5 |
---------------+----------------+-----
Stealth        | 2 3 |  3.7
Dodging        | 2 3 |  3.4
Ice Magic      | 4 |  4.7
Spellcasting   | 3 |  3.5

Action                     |  1- 3 |  4- 6 || total
---------------------------+-------+-------++-------
  Melee: Club              |     2 |       ||     2
         Dagger            |    37 |    73 ||   110
         Punch             |       |     1 ||     1
   Cast: Freeze            |    28 |     4 ||    32
         Frozen Ramparts   |     8 |    28 ||    36
         Ozocubu's Armour  |       |     9 ||     9
  Evoke: Wand              |       |     3 ||     3
    Use: Potion            |     1 |       ||     1
         Scroll            |     6 |     5 ||    11
   Stab: Sleeping          |     9 |     4 ||    13
 Armour: Robe              |     8 |    24 ||    32
  Dodge: Dodged            |    30 |    53 ||    83
